 Dungeon Crawl Stone Soup version 0.20-a0-823-gdec668e (webtiles) character file.

496 Colliwobble the Cudgeler (level 7, -4/41 HPs)
             Began as a Gargoyle Fighter on Mar 5, 2017.
             Was an Initiate of Wu Jian.
             Slain by an ogre
             ... wielding a +0 giant club
              (7 damage)
             ... on level 4 of the Dungeon.
             The game lasted 00:08:59 (2721 turns).

Colliwobble the Cudgeler (Gargoyle Fighter)         Turns: 2721, Time: 00:09:00

Health: -4/41      AC: 13    Str: 22    XL:     7   Next: 15%
Magic:  0/7        EV: 10    Int:  8    God:    Wu Jian [......]
Gold:   276        SH:  9    Dex:  9    Spells: 6/6 levels left

rFire    . . .     SeeInvis .   a - +0 flail
rCold    . . .     Gourm    .   q - +0 scale mail
rNeg     + . .     Faith    .   c - +0 shield
rPois    ∞         Spirit   +   y - +0 helmet
rElec    +         Reflect  .   (no cloak)
rCorr    .         Harm     .   o - +0 pair of gloves
MR       .....                  (no boots)
Stlth    ..........             t - amulet of guardian spirit
Regen    0.2/turn               (no ring)
MPRegen  0.1/turn               v - +2 ring of evasion

@: no status effects
A: negative energy resistance 1, electricity resistance, unbreathing,
petrification resistance, rot immunity, AC +4
a: Renounce Religion


You were on level 4 of the Dungeon.
You worshipped Wu Jian.
Wu Jian was noncommittal.
You were not hungry.

You visited 2 branches of the dungeon, and saw 7 of its levels.

You collected 276 gold pieces.

Inventory:

Hand Weapons
 a - a +0 flail (weapon)
 b - a +0 hunting sling
Missiles
 r - 183 stones (quivered)
Armour
 c - a +0 shield (worn)
 o - a +0 pair of gloves (worn)
 q - a +0 scale mail (worn)
 y - a +0 helmet (worn)
Jewellery
 t - an amulet of guardian spirit (around neck)
 v - a +2 ring of evasion (left hand)
 A - a cursed ring of teleportation {unknown}
Scrolls
 e - 2 scrolls of immolation {unknown}
 h - 8 scrolls of identify {unknown}
 j - a scroll of recharging {unknown}
 k - a scroll of remove curse {unknown}
 l - a scroll of fog {unknown}
 m - a scroll of blinking {unknown}
 s - 2 scrolls of enchant weapon {unknown}
 w - a scroll of enchant armour {unknown}
Potions
 d - a potion of might
 g - 2 potions of heal wounds {unknown}
 n - a potion of mutation {unknown}
 p - 2 potions of curing {unknown}
Books
 x - a book of Maledictions

   Spells                             Type                      Level
   a - Corona                         Hexes                        1
   b - Ensorcelled Hibernation        Hexes/Ice                    2
   c - Confuse                        Hexes                        3
   d - Tukima's Dance                 Hexes                        3
   e - Dazzling Spray                 Conjuration/Hexes            3
Comestibles
 f - a bread ration
 i - 3 fruits
 u - 2 meat rations
 z - 6 chunks of flesh


   Skills:
 - Level 3.2 Fighting
 + Level 7.1 Maces & Flails
 - Level 3.2 Armour
 - Level 1.9 Dodging
 - Level 3.2 Shields


You had 6 spell levels left.
You didn't know any spells.

Dungeon Overview and Level Annotations

Branches:
Dungeon (6/15)             Temple (1/1) D:4

Altars:
Ashenzari
Dithmenos
Elyvilon
Gozag
Hepliaklqana
Kikubaaqudgha
Makhleb
Nemelex Xobeh
Okawaru
Qazlal
Ru
Trog
Vehumet
Wu Jian
Xom
Yredelemnul
Zin
The Shining One

Shops:
D:4 }


Innate Abilities, Weirdness & Mutations

You are resistant to torment.
Your stone body is resilient. (AC +4)
You are immune to poison.
You resist negative energy. (rN+)
You are resistant to electric shocks. (rElec)
You can survive without breathing.
You are immune to petrification.
You are immune to rotting.


Message History

You shoot a stone. The stone hits the ogre.
The ogre is lightly wounded.
Firing (i - inventory):
r - 184 stones (quivered)
Press: ? - help, Shift-Dir - straight line, f/p - ogre
Aim: an ogre, wielding a giant club (lightly wounded)
You shoot a stone. The stone barely misses the ogre.
The ogre hits you with a giant club!!
Ouch! That really hurt!
a - a +0 flail (weapon)
You hit the ogre.
The ogre is moderately wounded.
The ogre closely misses you.
You barely miss the ogre.
The ogre is moderately wounded.
The ogre hits you with a giant club!!
* * * LOW HITPOINT WARNING * * *
You sock the ogre!
The ogre is heavily wounded.
The ogre hits you with a giant club!
You die...

#....^.........#.#
.........#####.#.#
######...### #.#.#
..........###.#.#
##########.#..........
#...........)#....####
#.......##...#....#8##
###.#.......#.##.#........
..(...(.O@..#....#........
..#.#..##+#.#.####.#......
#.. #..........#..#8## #..
########......#### #..
.).......... ###
###..<....#.. #.......#..
#.......#.. #.......#..


You could see an ogre.

Vanquished Creatures
  Grinder (D:5)
  A howler monkey (D:4)
  An orc wizard (D:4)
  Ijyb (D:2)
  A worker ant (D:4)
  6 adders
  2 oozes
  2 dart slugs (D:1)
  5 leopard geckos
  5 orcs
  A ball python (D:1)
  5 giant cockroaches
  12 goblins
  10 hobgoblins
  7 jackals
  2 bats
  5 frilled lizards
  7 kobolds
  A quokka skeleton (D:4)
  4 rats
79 creatures vanquished.

Vanquished Creatures (others)
  An orc wizard (D:4)
1 creature vanquished.

Grand Total: 80 creatures vanquished

Notes
Turn   | Place    | Note
-------+----------+-------------------------------------------
     0 | D:1      | Colliwobble the Gargoyle Fighter began the quest for the Orb.
     0 | D:1      | Reached XP level 1. HP: 14/14 MP: 1/1
   116 | D:1      | Reached XP level 2. HP: 19/19 MP: 2/2
   163 | D:1      | Reached skill level 3 in Maces & Flails
   392 | D:1      | Reached XP level 3. HP: 21/23 MP: 3/3
   823 | D:2      | Reached skill level 1 in Dodging
   841 | D:2      | Reached XP level 4. HP: 22/28 MP: 4/4
   894 | D:2      | Noticed Ijyb
   908 | D:2      | Killed Ijyb
   908 | D:2      | Reached skill level 4 in Maces & Flails
  1000 | D:2      | Upgraded the game from 0.20-a0-820-g557356e to 0.20-a0-823-gdec668e
  1223 | D:3      | Found a shimmering altar of Xom.
  1224 | D:3      | Found a hazy altar of Hepliaklqana.
  1224 | D:3      | Noticed an earth elemental
  1225 | D:3      | Noticed an earth elemental
  1225 | D:3      | Noticed a spectral ugly thing
  1379 | D:3      | Reached XP level 5. HP: 32/32 MP: 5/5
  1469 | D:3      | You fall through a shaft for 3 floors!
  1487 | D:5      | Entered Level 5 of the Dungeon
  1525 | D:5      | Noticed Grinder
  1536 | D:5      | Paralysed by Grinder for 2 turns
  1637 | D:5      | Killed Grinder
  1637 | D:5      | Reached skill level 6 in Maces & Flails
  1637 | D:5      | Reached XP level 6. HP: 25/37 MP: 6/6
  1875 | D:4      | Found an ancient bone altar of Kikubaaqudgha.
  1875 | D:4      | Found a white marble altar of Elyvilon.
  1876 | D:4      | Found a shimmering altar of Xom.
  1876 | D:4      | Found an opulent altar of Gozag.
  1877 | D:4      | Found a glowing golden altar of the Shining One.
  1877 | D:4      | Found a stormy altar of Qazlal.
  1879 | D:4      | Found an ornate altar of the Wu Jian Council.
  1879 | D:4      | Found a sacrificial altar of Ru.
  1880 | D:4      | Found a glowing silver altar of Zin.
  1880 | D:4      | Found a shadowy altar of Dithmenos.
  1881 | D:4      | Found a shimmering altar of Xom.
  1881 | D:4      | Found an ancient bone altar of Kikubaaqudgha.
  1895 | D:4      | Became a worshipper of the Wu Jian Council
  1899 | D:4      | Found a staircase to the Ecumenical Temple.
  1904 | Temple   | Entered the Ecumenical Temple
  2332 | D:4      | Found Hunudom's Gadget Emporium.
  2418 | D:4      | Reached XP level 7. HP: 30/41 MP: 5/7
  2472 | D:4      | Reached skill level 7 in Maces & Flails
  2721 | D:4      | Slain by an ogre

Vault maps used:
D:1:      co_arrival_square_in_a_square_in_a_square
D:2:      uniq_iyjb
D:3:      minitemple, regret_index_temple_of_mockery, guppyfry_early_orc_mine
D:4:      temple_doors_ab, serial_shops, shop, serial_corexii_hall,
          corexii_hall_statues_i, corexii_hall_statues_deadend,
          kennysheep_small_square
D:5:      first_bread, nicolae_elemental_shop, uniq_grinder
D:6:      serial_shops, shop, nemelex_dance_club_becter
Temple:   minmay_temple_forest_path

Skill      XL: |  1  2  3  4  5  6  7 |
---------------+----------------------+-----
Maces & Flails | 3 4 6 7 |  7.1
Dodging        | 1 |  1.9
Fighting       | |  3.2
Armour         | |  3.2
Shields        | |  3.2

Action                   |  1- 3 |  4- 6 |  7- 9 || total
-------------------------+-------+-------+-------++-------
Melee: Flail             |   151 |   204 |    45 ||   400
 Fire: Hunting sling     |       |       |     8 ||     8
  Use: Potion            |       |     1 |       ||     1
  Eat: Chunk             |       |     6 |     1 ||     7
Armor: Scale mail        |    78 |    93 |    24 ||   195
Dodge: Dodged            |    49 |    94 |    15 ||   158
Block: Shield            |    72 |   114 |    18 ||   204
